Map: Year Zero LE

Players

Smileblind - Winner!

  • Race: Protoss Protoss
  • Spawn Location: 11:00

jjss

  • Race: Protoss Protoss
  • League: Silver
  • Spawn Location: 1:00

VOD

Have the link to the VOD?

Description

Time

  • Played on: Jan. 27, 2019, 8:23 p.m.
  • Length: 15:54
Show
View Real Time Build Order
Export as new Build Order

Smileblind Protoss - Winner!

Build Orders:  

Get SALT Encoding   

  12  0:01  Probe  
  13  0:13  Probe  
  14  0:24  Pylon  
  14  0:26  Probe  
  15  0:42  Probe  
  16  0:50  Forge  
  16  0:54  Probe  
  17  1:02  Gateway  
  17  1:06  Probe  
  18  1:18  Probe  
  18  1:20  Pylon  
  18  1:21  Assimilator  
  19  1:30  Probe  
  20  1:35  Pylon  
  20  1:43  Probe  
  21  1:53  Assimilator  
  21  1:55  Probe  
  21  1:59  Cybernetics Core, Zealot  
  24  2:07  Probe  
  25  2:14  Gateway  
  25  2:17  Gateway  
  25  2:22  Warp Gate  
  25  2:36  Stalker  
  27  2:41  Protoss Ground Weapons Level 1  
  27  3:02  Nexus  
  27  3:09  Stalker  
  29  3:13  Probe  
  30  3:25  Probe  
  31  3:33  Shield Battery  
  31  3:37  Probe  
  31  3:39  Shield Battery  
  32  3:42  Sentry  
  34  3:49  Probe  
  34  3:55  Stalker  
  37  4:01  Probe  
  38  4:06  Assimilator  
  38  4:13  Probe  
  39  4:19  Probe  
  39  4:21  Pylon  
  40  4:26  Probe  
  40  4:28  Probe  
  41  4:35  Assimilator  
  41  4:37  Probe  
  41  4:38  Probe  
  43  4:44  Twilight Council  
  44  4:49  Probe  
  44  4:50  Probe  
  44  4:51  Stargate  
  46  5:01  Probe  
  46  5:02  Probe  
  46  5:04  Pylon  
  46  5:05  Stalker  
  50  5:13  Charge, Probe  
  51  5:25  Probe  
  52  5:34  Dark Shrine, Probe  
  53  5:42  Probe  
  53  5:43  Stargate  
  54  5:50  Oracle  
  54  5:51  Probe  
  58  6:03  Probe  
  59  6:11  Fleet Beacon  
  59  6:13  Protoss Ground Weapons Level 2  
  59  6:14  Photon Cannon  
  59  6:15  Probe  
  59  6:16  Protoss Air Weapons Level 1  
  60  6:20  Void Ray  
  64  6:36  Pylon  
  64  6:39  Pylon  
  64  6:45  Nexus  
  64  6:51  Pylon  
  70  7:13  Gateway  
  70  7:15  Gateway  
  70  7:18  Gateway  
  70  7:20  Gateway  
  70  7:27  Stargate  
  56  7:38  Stalker x3  
  51  8:03  Stalker  
  49  8:08  Stalker  
  49  8:09  Carrier  
  45  8:19  Stalker x3  
  43  8:31  Stalker  
  43  8:32  Stalker  
  41  8:51  Pylon  
  41  9:02  Pylon  
  38  9:04  Stalker x4  
  37  9:10  Probe  
  36  9:22  Probe  
  31  9:27  Dark Templar  
  33  9:34  Probe  
  34  9:39  Probe  
  35  9:47  Probe  
  36  9:55  Probe  
  37  10:04  Dark Templar  
  37  10:06  Probe  
  38  10:10  Probe  
  39  10:22  Probe  
  39  10:25  Robotics Facility  
  37  10:29  Dark Templar  
  39  10:36  Stalker  
  40  10:44  Stalker x2  
  46  10:59  Phoenix  
  46  11:04  Probe  
  49  11:15  Stalker  
  49  11:16  Probe  
  52  11:27  Probe  
  53  11:33  Probe  
  53  11:35  Probe  
  55  11:41  Probe  
  55  11:44  Probe  
  55  11:45  Phoenix  
  58  11:51  Probe  
  60  11:55  Probe, Pylon  
  60  11:56  Phoenix  
  60  11:57  Pylon, Probe  
  62  12:02  Probe  
  62  12:03  Probe  
  64  12:10  Probe  
  64  12:13  Probe  
  65  12:18  Probe, Void Ray  
  71  12:27  Assimilator  
  71  12:29  Assimilator, Probe  
  71  12:31  Dark Templar  
  71  12:32  Dark Templar  
  76  12:41  Probe  
  75  13:21  Carrier  
  68  13:47  Dark Templar x2  
  61  13:59  Probe  
  49  14:11  Probe  
  44  14:18  Zealot x2  
  44  14:19  Zealot x3  
  44  14:20  Zealot  
  44  14:23  Probe  
  56  14:30  Probe  
  55  14:35  Probe  
  55  14:38  Probe  
  57  14:40  Void Ray  
  57  14:44  Probe  
  62  14:47  Probe  
  64  14:52  Probe  
  66  15:00  Probe  
  66  15:02  Probe  
  67  15:12  Probe  
  68  15:14  Probe  
  69  15:26  Probe  
Show
View Real Time Build Order
Export as new Build Order

jjss Protoss 

Build Orders:  

Get SALT Encoding   

  12  0:00  Probe  
  13  0:08  Probe  
  14  0:19  Probe  
  15  0:27  Pylon  
  15  0:50  Gateway  
  15  0:53  Gateway  
  15  0:59  Gateway  
  15  1:07  Pylon  
  15  1:14  Assimilator  
  15  1:25  Assimilator  
  15  1:26  Probe  
  16  1:34  Probe  
  17  1:45  Probe  
  18  1:47  Cybernetics Core  
  18  1:52  Zealot  
  20  1:57  Probe, Zealot  
  23  2:02  Zealot  
  25  2:15  Pylon  
  25  2:24  Probe  
  26  2:32  Probe  
  27  2:38  Forge  
  27  2:41  Probe  
  30  2:44  Zealot  
  30  2:47  Zealot  
  30  2:50  Zealot  
  34  3:00  Pylon  
  34  3:19  Stargate  
  34  3:28  Robotics Facility  
  34  3:43  Stalker  
  34  3:44  Stalker  
  38  3:52  Pylon  
  38  4:08  Twilight Council  
  38  4:28  Void Ray  
  42  4:46  Charge  
  42  4:47  Nexus  
  42  5:04  Warp Gate  
  42  5:13  Void Ray  
  46  5:31  Probe  
  47  5:39  Zealot  
  47  5:41  Zealot  
  47  5:42  Zealot  
  53  5:48  Pylon  
  53  5:51  Void Ray  
  57  6:14  Protoss Ground Weapons Level 1  
  57  6:28  Pylon  
  57  6:29  Probe  
  58  6:37  Probe  
  58  6:46  Probe  
  59  6:54  Void Ray  
  60  6:56  Stalker x2  
  60  6:59  Probe  
  69  7:11  Probe  
  48  8:14  Zealot  
  48  8:15  Zealot  
  52  8:29  Void Ray  
  44  9:09  Void Ray  
  44  9:11  Zealot x3  
  42  9:40  Zealot  
  42  9:41  Zealot x2  
  48  9:49  Protoss Air Weapons Level 1  
  42  10:27  Zealot x2  
  42  10:28  Zealot  
  42  10:42  Void Ray  
  42  11:25  Void Ray  
  42  11:31  Stalker x3  
  52  11:56  Stalker x2  
  52  11:57  Stalker  
  58  12:06  Void Ray  
  62  12:28  Stalker x3  
  68  12:41  Observer  
  63  12:56  Zealot x3  
  69  13:04  Photon Cannon  
  36  14:50  Assimilator  
  36  14:52  Pylon  
  32  15:02  Stalker x3  
  37  15:26  Stalker  
  37  15:27  Stalker x2  
Tags
 
League
Silver
Matchup
PvP
Spawn Locations
Close Positions
Add a new tag
Caveats
  • Supply blocks, unpowered buildings, or Contaminate may cause inaccurate times.
  • Supply counts are checked every 10 seconds.